 Dungeon Crawl Stone Soup version 0.28.0-45-g0d030f2227 (webtiles) character file.

Game seed: 6974699670066508197

343 sanboga the Shield-Bearer (level 6, -11/39 HPs)
             Began as a Gargoyle Fighter on Apr 14, 2022.
             Mangled by an ogre
             ... wielding a +0 giant spiked club
              (21 damage)
             ... on level 4 of the Dungeon.
             The game lasted 00:03:24 (3633 turns).

sanboga the Shield-Bearer (Gargoyle Fighter)        Turns: 3633, Time: 00:03:25

Health: -11/39     AC: 17    Str: 22    XL:     6   Next: 57%
Magic:  6/6        EV:  7    Int:  8    God:
Gold:   73         SH:  4    Dex:  9    Spells: 5/5 levels left

rFire   + . .      SeeInvis .   s - +1 hand axe (elec)
rCold   . . .      Faith    .   c - +0 buckler
rNeg    + . .      Spirit   .   l - +0 chain mail
rPois   ∞          Reflect  .   t - +2 helmet
rElec   +          Harm     .   (no cloak)
rCorr   .          Rampage  .   (no gloves)
Will    .....                   (no boots)
Stlth   ..........              m - amulet of magic regeneration
HPRegen 0.13/turn               h - ring of protection from cold
MPRegen 0.50/turn               k - ring of fire

@: no status effects
A: sickness immunity, AC +4, negative energy resistance 1, electricity
resistance, torment resistance 1, petrification resistance
a: no special abilities


You were on level 4 of the Dungeon.
You visited 1 branch of the dungeon, and saw 4 of its levels.

You collected 103 gold pieces.
You spent 30 gold pieces at shops.

Inventory:

Hand Weapons
 a - a +0 war axe
 s - a +1 hand axe of electrocution (weapon)
Armour
 c - a +0 buckler (worn)
 l - a +0 chain mail (worn)
 t - a +2 helmet (worn)
Jewellery
 h - a ring of protection from cold (left hand)
 k - a ring of fire (right hand)
 m - an amulet of magic regeneration (around neck)
Wands
 r - a wand of flame (14)
Scrolls
 e - a scroll of holy word {unknown}
 f - 2 scrolls of teleportation {unknown}
 g - a scroll of fog {unknown}
 j - 3 scrolls of identify {unknown}
 o - 3 scrolls of enchant weapon {unknown}
 p - a scroll of vulnerability {unknown}
Potions
 b - a potion of invisibility {unknown}
 d - 2 potions of might
 i - 3 potions of mutation {unknown}
 n - a potion of degeneration {unknown}
 q - 2 potions of brilliance {unknown}
 u - a potion of cancellation {unknown}


   Skills:
 + Level 4.5 Fighting
 * Level 4.1 Axes
 + Level 4.5 Armour
 + Level 4.5 Shields


You had 5 spell levels left.
You didn't know any spells.
Your spell library contained the following spells:

 Spells                   Type           Power      Damage    Failure   Level
 Blink                    Tloc           0%         N/A       100%        2
 Lesser Beckoning         Tloc           0%         N/A       100%        3
 Ozocubu's Armour         Ice            0%         N/A       100%        3
 Manifold Assault         Tloc           0%         N/A       100%        5
 Metabolic Englaciation   Hex/Ice        0%         N/A       100%        5
 Simulacrum               Ice/Necr       0%         N/A       100%        6


Dungeon Overview and Level Annotations

Branches:
Dungeon (4/15)
 Temple: D:4-7

Altars:
Elyvilon

Shops:
D:3 *


Innate Abilities, Weirdness & Mutations

You are immune to sickness and miasma.
Your stone body is resilient. (AC +4)
You are immune to poison.
You resist negative energy. (rN+)
You are resistant to electric shocks. (rElec)
You are resistant to unholy torment.
You are immune to petrification.


Message History

A goblin is nearby!
A goblin is nearby!
A goblin is nearby!
A goblin is nearby!
You block the goblin's attack.
You see here a hobgoblin corpse.
You barely miss the goblin. The goblin hits you but does no damage.
You hit the goblin.
You kill the goblin!
No target in view!
No target in view!
No target in view!
No target in view!
An ogre comes into view. It is wielding a +0 giant spiked club.
An ogre is nearby!
An ogre is nearby!
The ogre shouts!
Things that are here:
a +0 club; a goblin corpse The ogre hits you with a +0 giant spiked club!!
You hit the ogre.
The ogre is lightly wounded.
You hit the ogre but do no damage.
The ogre is lightly wounded.
The ogre hits you with a +0 giant spiked club!
You are too injured to fight recklessly!
You are too injured to fight recklessly!
Sorry, you're not good enough to have a special ability.
You slash the ogre!
The ogre is moderately wounded.
The ogre hits you with a +0 giant spiked club.
* * * LOW HITPOINT WARNING * * *
You slash the ogre!
The ogre is heavily wounded.
The ogre barely misses you.
You hit the ogre but do no damage. Lightning courses through the ogre!
The ogre is severely wounded.
The ogre hits you with a +0 giant spiked club!!
Ouch! That really hurt!
You die...

...#............#
..###..#.......## .
##.....###.....##
.#.......#..###..##
.....)......#.....
#.....#.........#
##...##..†......#
...#.....#†........#
......O@.)....#.....
..#.......#..###..#.
##.....###.....##
#..###.. .......
.... ............
.#.. .....#.....# #.
......# ...## #.
......#


You could see an ogre.

Vanquished Creatures
  A hornet zombie (D:3)
  A hound (D:3)
  An iguana (D:3)
  Terence (D:2)
  2 bullfrog skeletons (D:4)
  Robin (D:3)
  2 adders (D:2)
  An adder skeleton (D:4)
  A worm (D:2)
  2 dart slugs
  An orc (D:3)
  4 endoplasms
  3 giant cockroaches (D:3)
  19 goblins
  9 hobgoblins
  7 jackals
  6 ball pythons
  5 bats
  3 frilled lizards
  7 kobolds
  2 rats (D:2)
79 creatures vanquished.

Notes
Turn   | Place    | Note
-------+----------+-------------------------------------------
     0 | D:1      | sanboga the Gargoyle Fighter began the quest for the Orb.
     0 | D:1      | Reached XP level 1. HP: 14/14 MP: 1/1
    24 | D:1      | Found a faded altar of an unknown god.
   165 | D:1      | Reached XP level 2. HP: 14/19 MP: 2/2
   906 | D:2      | Reached XP level 3. HP: 23/23 MP: 3/3
  1015 | D:2      | Noticed Terence
  1027 | D:2      | Killed Terence
  1028 | D:2      | Reached XP level 4. HP: 23/29 MP: 4/4
  1761 | D:3      | Found Peorinuh's General Store.
  1782 | D:3      | Bought a potion of lignification for 30 gold pieces
  2095 | D:3      | Reached XP level 5. HP: 33/33 MP: 5/5
  2512 | D:3      | Found a white marble altar of Elyvilon.
  2553 | D:3      | Reached XP level 6. HP: 7/39 MP: 6/6
  3284 | D:3      | Noticed Robin
  3298 | D:3      | Killed Robin
  3633 | D:4      | Mangled by an ogre

Illustrated notes

Levels and vault maps discovered:
D:1:      ncdulo_smallfort, layout_basic, basic_ecumenical_altar,
          minmay_pentomino_z2
D:2:      layout_loops_ring, kennysheep_path_1, st_stairs_6,
          kennysheep_flooded_box, nicolae_wormholes, uniq_terence
D:3:      kennysheep_goblin_castle, layout_loops_ring,
          nicolae_overflow_crystal_walls, serial_shops, nicolae_shop_stone,
          kennysheep_generic_room_8
D:4:      nicolae_cairo_tiling_large_dashed, layout_basic

Skill      XL: |  1  2  3  4  5  6 |
---------------+-------------------+-----
Axes           | 2 3 4 |  4.1
Fighting       | 4 |  4.5
Shields        | 4 |  4.5
Armour         | 4 |  4.5

Action                   |  1- 3 |  4- 6 || total
-------------------------+-------+-------++-------
Melee: War axe           |    56 |    96 ||   152
       Hand axe          |       |    65 ||    65
Armor: Scale mail        |    33 |     3 ||    36
       Chain mail        |       |   115 ||   115
Dodge: Dodged            |    36 |    66 ||   102
Block: Buckler           |    16 |    35 ||    51
